 Dungeon Crawl Stone Soup version 0.27.1-2-g3b301248ec (webtiles) character file.

Game seed: 4808431420869732512

1524 barney the Transmogrifier (level 8, -4/59 HPs)
             Began as a White Draconian Transmuter on Oct 1, 2021.
             Killed from afar by Maggie (6 damage)
             ... with a bolt of fire
             ... on level 6 of the Dungeon.
             The game lasted 00:08:16 (7926 turns).

barney the Transmogrifier (DrTm)                    Turns: 7926, Time: 00:08:17

Health: -4/59      AC:  9    Str: 15    XL:     8   Next: 54%
Magic:  11/11      EV: 18    Int: 15    God:
Gold:   330        SH:  0    Dex: 12    Spells: 1/11 levels left

rFire    + + .     SeeInvis .     - Unarmed
rCold    + + .     Faith    .   (shield currently unavailable)
rNeg     + + +     Spirit   .   (armour unavailable)
rPois    ∞         Reflect  .   (helmet currently unavailable)
rElec    +         Harm     .   (cloak currently unavailable)
rCorr    +         Rampage  .   (gloves currently unavailable)
Will     .....                  (boots currently unavailable)
Stlth    +.........             (amulet currently unavailable)
HPRegen  0.19/turn              (ring currently unavailable)
MPRegen  0.12/turn              (ring currently unavailable)

@: short of breath, wisp-form, unable to read, flying, mesmerised
A: insubstial, flying, no casting, (breathe frost), AC +6, tiny, unfitting
armour, (cold resistance 1), (cold-blooded), strong 1, inability to read while
threatened
a: no special abilities


You were on level 6 of the Dungeon.
You were an insubstantial wisp.
You visited 1 branch of the dungeon, and saw 6 of its levels.

You collected 330 gold pieces.

Inventory:

Hand Weapons
 d - a +1 mace of draining (melded)
 i - a +1 mace of pain
Jewellery
 m - a ring of magical power (melded)
Wands
 p - a wand of flame (20)
Scrolls
 a - 2 scrolls of amnesia {unknown}
 b - a scroll of noise {unknown}
 e - 2 scrolls of blinking {unknown}
 f - 4 scrolls of teleportation {unknown}
 g - 2 scrolls of fear {unknown}
 h - a scroll of summoning {unknown}
 j - 4 scrolls of fog {unknown}
 l - a scroll of identify {unknown}
Potions
 c - a potion of magic
 k - 2 potions of degeneration
 n - 3 potions of flight
 o - a potion of brilliance


   Skills:
 - Level 1.1 Fighting
 - Level 1.7 Dodging
 - Level 3.0 Unarmed Combat
 - Level 2.0 Spellcasting
 + Level 9.6 Transmutations
 + Level 5.9 Ice Magic


You had one spell level left.
You knew the following spells:

 Your Spells              Type           Power      Damage    Failure   Level
a - Beastly Appendage     Tmut           60%        N/A       1%          1
b - Spider Form           Tmut/Pois      8%         N/A       9%          3
c - Wereblood             Tmut           30%        N/A       1%          2
d - Ice Form              Ice/Tmut       24%        N/A       9%          4

Your spell library contained the following spells:

 Spells                   Type           Power      Damage    Failure   Level
 Shock                    Conj/Air       4%         1d3       22%         1
 Static Discharge         Conj/Air       1%         N/A       32%         2
 Summon Guardian Golem    Hex/Summ       1%         N/A       54%         3
 Swiftness                Air            1%         N/A       54%         3
 Airstrike                Air            0%         N/A       91%         4
 Dispel Undead            Necr           1%         3d6       91%         4
 Sticky Flame             Conj/Fire      1%         2d3       91%         4
 Orb of Destruction       Conj           0%         N/A       100%        7
 Spellforged Servitor     Conj/Summ      0%         N/A       100%        7


Dungeon Overview and Level Annotations

Branches:
Dungeon (6/15)
 Temple: D:4-7

Altars:
Makhleb
Okawaru
Ru

Annotations:
D:6 Maggie


Innate Abilities, Weirdness & Mutations

You are an insubstantial wisp.
Your tiny insubstantial body is highly resistant to most damage types.
You are flying.
Your equipment is entirely melded.
You are incapable of wielding weapons or throwing items.
You cannot cast spells.
((You can breathe waves of freezing cold which knock back foes.))
((Your icy white scales are hard. (AC +6)))
You cannot fit into any form of body armour.
((Your flesh is cold resistant. (rC+)))
((You are cold-blooded and may be slowed by cold attacks.))
Your muscles are strong. (Str +2)
You sometimes lose the ability to read scrolls when taking damage.


Message History

You touch Maggie.
Maggie is severely wounded.
The wyvern skeleton bites you!
* * * LOW HITPOINT WARNING * * *
Maggie closely misses you.
Maggie zaps a wand.
You resist with some effort.
You cannot move away from Maggie!
Unknown command.
You touch Maggie but do no damage.
Maggie is severely wounded.
The wyvern skeleton barely misses you.
Maggie hits you with a +1 long sword of holy wrath.
* * * LOW HITPOINT WARNING * * *
You touch Maggie.
Maggie is severely wounded.
The wyvern skeleton bites you.
* * * LOW HITPOINT WARNING * * *
You barely miss Maggie.
Maggie is severely wounded.
The wyvern skeleton misses you.
Maggie says, "Fear not.
I will immortalize you in the tale of my first kill."
Maggie barely misses you.
The wyvern skeleton bites you but does no damage.
You touch Maggie but do no damage.
Maggie is severely wounded.
Maggie gestures wildly while chanting.
Maggie draws you further into her thrall.
The wyvern skeleton closely misses you.
You feel better. Maggie completely misses you. The wyvern skeleton bites you.
* * * LOW HITPOINT WARNING * * *
Okay, then.
You touch Maggie.
Maggie is almost dead.
The wyvern skeleton closely misses you.
Maggie zaps a wand.
You barely miss Maggie.
Maggie is almost dead.
The wyvern skeleton completely misses you.
Maggie gestures at you while chanting. The bolt of fire hits you. You resist.
You die...

#..## .#..# . .# #...# ...
.#..# . . #.##...# #... ...#
....##......#.##.... ..##
............#...... ...##
....##.###..#....#..
.#..#####...#...##........
#.......#.#...........?♣P...
#...##....#.....vZ##.Z@P.P
....#............@.#.#...♣
.....#...............# ..Z..
##.###.##...#.....##.# ...#
#.# ####.#.....#.##..# ###
### ###.....#..####
###........# #.....#...##
##....#...#


You could see Maggie (mesmerising, very poisoned) and a wyvern skeleton.

Vanquished Creatures
  Sigmund (D:5)
  2 sky beasts
  A black bear (D:4)
  A centaur (D:5)
  An ogre (D:5)
  A kobold brigand (D:6)
  2 phantoms
  A water moccasin zombie (D:5)
  3 jellies
  4 hounds
  3 orc priests
  A bullfrog skeleton (D:5)
  A centaur skeleton (D:4)
  An iguana (D:5)
  2 orc wizards (D:4)
  2 hound skeletons (D:5)
  A howler monkey skeleton (D:3)
  A gnoll (D:4)
  8 adders
  5 worms
  20 orcs
  5 bats
  3 endoplasms
  A giant cockroach (D:4)
  4 hobgoblins
  4 quokkas
  A ball python (D:2)
  4 frilled lizards
  5 goblins
  13 kobolds
  2 rats (D:2)
104 creatures vanquished.

Notes
Turn   | Place    | Note
-------+----------+-------------------------------------------
     0 | D:1      | barney the Draconian Transmuter began the quest for the
                  | Orb.
     0 | D:1      | Reached XP level 1. HP: 16/16 MP: 3/3
    86 | D:1      | Found a faded altar of an unknown god.
   524 | D:1      | Reached XP level 2. HP: 23/23 MP: 3/5
   992 | D:2      | Reached skill level 3 in Transmutations
  1780 | D:2      | Reached XP level 3. HP: 10/28 MP: 4/6
  1784 | D:2      | Learned a level 3 spell: Spider Form
  1787 | D:2      | Learned a level 2 spell: Wereblood
  2731 | D:3      | Reached skill level 4 in Transmutations
  3229 | D:3      | Found an iron altar of Okawaru.
  3337 | D:3      | Reached XP level 4. HP: 35/35 MP: 7/7
  4357 | D:4      | Noticed a black bear
  4371 | D:4      | Killed a black bear
  4372 | D:4      | Reached skill level 5 in Transmutations
  4372 | D:4      | Reached XP level 5. HP: 34/40 MP: 7/8
  4484 | D:4      | Reached skill level 6 in Transmutations
  4729 | D:4      | Reached XP level 6. HP: 40/47 MP: 9/9
  5037 | D:4      | Reached skill level 7 in Transmutations
  5594 | D:5      | Entered Level 5 of the Dungeon
  5603 | D:5      | Noticed Sigmund
  5733 | D:5      | Your scales start taking on an icy white colour.
  5733 | D:5      | Reached XP level 7. HP: 42/52 MP: 10/10
  5733 | D:5      | Gained mutation: Your flesh is cold resistant. (rC+) [White
                  | Draconian growth]
  6240 | D:5      | Reached skill level 8 in Transmutations
  6245 | D:5      | Learned a level 4 spell: Ice Form
  6438 | D:5      | Killed Sigmund
  6741 | D:5      | Reached XP level 8. HP: 59/59 MP: 11/11
  6756 | D:5      | Reached skill level 9 in Transmutations
  6768 | D:5      | Found a sacrificial altar of Ru.
  6806 | D:5      | Gained mutation: You are clumsy. (Dex -2) [potion of
                  | mutation]
  6806 | D:5      | Lost mutation: You are clumsy. (Dex -2) [potion of
                  | mutation]
  6806 | D:5      | Gained mutation: You sometimes lose the ability to read
                  | scrolls when taking damage. [potion of mutation]
  6806 | D:5      | Gained mutation: Your muscles are strong. (Str +2) [potion
                  | of mutation]
  7392 | D:6      | Found a burning altar of Makhleb.
  7419 | D:6      | Reached skill level 5 in Ice Magic
  7890 | D:6      | Noticed Maggie
  7924 | D:6      | HP: 2/59 [wyvern skeleton (6)]
  7926 | D:6      | Killed from afar by Maggie

Illustrated notes

Levels and vault maps discovered:
D:1:      minmay_arrival_hallway, layout_loops_corners,
          hellmonk_ecumenical_altar_blasted
D:2:      layout_loops_ring
D:3:      layout_loops_cross, mainiacjoe_overflow_concentric_impassable
D:4:      layout_basic, cheibrodos_gnoll_hut
D:5:      layout_cave_pools, overflow_temple_1_default, st_stairs_11,
          uniq_sigmund
D:6:      layout_cave_pools, mainiacjoe_overflow_alcove_1,
          minmay_temple_entry_offerings, serial_park_tiny_2, uniq_menkaure,
          uniq_maggie

Skill      XL: |  1  2  3  4  5  6  7  8 |
---------------+-------------------------+-----
Transmutations | 3 4 5 6 7 8 9 |  9.6
Ice Magic      | 3 5 |  5.9
Fighting       | |  1.1
Dodging        | |  1.7
Unarmed Combat | |  3.0
Spellcasting   | |  2.0

Action                   |  1- 3 |  4- 6 |  7- 9 || total
-------------------------+-------+-------+-------++-------
Melee: Unarmed           |    21 |   106 |   126 ||   253
       Kick              |    11 |     4 |     9 ||    24
       Tailslap          |     6 |     4 |     2 ||    12
       Punch             |     2 |       |       ||     2
       Mace              |    71 |    32 |    55 ||   158
       Headbutt          |     4 |     1 |     3 ||     8
 Cast: Beastly Appendage |    22 |     4 |     4 ||    30
       Spider Form       |       |    11 |    13 ||    24
       Wereblood         |       |     4 |     1 ||     5
       Ice Form          |       |       |     1 ||     1
 Abil: Breathe Frost     |       |       |     4 ||     4
  Use: Potion            |     5 |       |     5 ||    10
 Stab: Sleeping          |     1 |       |       ||     1
Armor: Skin              |    28 |    25 |    73 ||   126
Dodge: Dodged            |    82 |   131 |   120 ||   333
